TOP OF THE 1ST |
Richland Rails batting - Pitching for Chesapeake Continentals : LHP Javier Romero
|
Pitching: LHP Javier Romero
|
|
Batting: RHB Christian Gentry
|
0-0: Ball 1-0: Foul Ball, location: 2F 1-1: Swinging Strike 1-2: Strikes out swinging
|
Batting: LHB Orlando Casillas
|
0-0: Ball 1-0: Swinging Strike 1-1: Foul Ball, location: 2F 1-2: Foul Ball, location: 2F 1-2: Ball 2-2: Strikes out swinging
|
Batting: RHB Alexandre Keeping
|
0-0: Ball 1-0: Ground out 5-3 (Groundball, 56)
|
Top of the 1st over - 0 runs, 0 hits, 0 errors, 0 left on base; Richland 0 - Chesapeake 0 |
BOTTOM OF THE 1ST |
Chesapeake Continentals batting - Pitching for Richland Rails : RHP Paco Manuel
|
Pitching: RHP Paco Manuel
|
|
Batting: RHB Marcos Alfaro
|
0-0: Ball 1-0: Called Strike 1-1: Ball 2-1: Fly out, F9 (Line Drive, 9)
|
Batting: SHB Holden Nolan
|
0-0: Ball 1-0: Called Strike 1-1: SINGLE (Groundball, 56D)
|
Batting: RHB Rand McNally
|
0-0: Ball 1-0: Ball 2-0: Fly out, F9 (Flyball, 89D)
|
Batting: RHB Arturo Scantlebury
|
0-0: Called Strike 0-1: Swinging Strike 0-2: Ball 1-2: Strikes out swinging
|
Bottom of the 1st over - 0 runs, 1 hit, 0 errors, 1 left on base; Richland 0 - Chesapeake 0 |
TOP OF THE 2ND |
Richland Rails batting - Pitching for Chesapeake Continentals : LHP Javier Romero
|
Batting: RHB Scott Ramsey
|
0-0: Called Strike 0-1: Ball 1-1: Ground out 6-3 (Groundball, 6)
|
Batting: SHB Jorge Colón
|
0-0: Ball 1-0: Ball 2-0: Ball 3-0: Called Strike 3-1: Base on Balls
|
Batting: RHB Tan Bal
|
0-0: Fielders Choice at 2nd, 4-6 (Groundball, 4)
|
Batting: RHB Leon Carlisle
|
0-0: Called Strike 0-1: Ball 1-1: Ball 2-1: Ball 3-1: Foul Ball, location: 2F 3-2: Foul Ball, location: 2F 3-2: Base on Balls Tan Bal to second
|
Batting: LHB Alistair Mix
|
0-0: Called Strike 0-1: Called Strike 0-2: Strikes out swinging
|
Top of the 2nd over - 0 runs, 0 hits, 0 errors, 2 left on base; Richland 0 - Chesapeake 0 |
BOTTOM OF THE 2ND |
Chesapeake Continentals batting - Pitching for Richland Rails : RHP Paco Manuel
|
Batting: RHB Syed Sarkar
|
0-0: Ground out 5-3 (Groundball, 56)
|
Batting: RHB Dani Durán
|
0-0: Called Strike 0-1: Called Strike 0-2: Ball 1-2: Strikes out swinging
|
Batting: RHB Jesús Recesvinto
|
0-0: Ground out 4-3 (Groundball, 4)
|
Bottom of the 2nd over - 0 runs, 0 hits, 0 errors, 0 left on base; Richland 0 - Chesapeake 0 |
TOP OF THE 3RD |
Richland Rails batting - Pitching for Chesapeake Continentals : LHP Javier Romero
|
Batting: RHB Fernando Granados
|
0-0: Foul Ball, location: 2F 0-1: Ball 1-1: Ball 2-1: Foul Ball, location: 2F 2-2: Fly out, F7 (Line Drive, 7D)
|
Batting: RHB Christian Gentry
|
0-0: Ball 1-0: Ball 2-0: DOUBLE (Line Drive, 7LM)
|
Batting: LHB Orlando Casillas
|
0-0: Ground out 6-3 (Groundball, 6)
|
Batting: RHB Alexandre Keeping
|
0-0: Ball 1-0: Ground out 6-3 (Groundball, 6)
|
Top of the 3rd over - 0 runs, 1 hit, 0 errors, 1 left on base; Richland 0 - Chesapeake 0 |
BOTTOM OF THE 3RD |
Chesapeake Continentals batting - Pitching for Richland Rails : RHP Paco Manuel
|
Batting: RHB Alfonso Morín
|
0-0: DOUBLE (Line Drive, 7LD)
|
Batting: RHB Wes Griffith
|
0-0: Called Strike 0-1: Fly out, F7 (Flyball, 7S)
|
Batting: RHB Marcos Alfaro
|
0-0: Swinging Strike 0-1: Swinging Strike 0-2: Ball 1-2: Strikes out swinging
|
Batting: SHB Holden Nolan
|
0-0: DOUBLE (Line Drive, 78D) Alfonso Morín scores
|
Batting: RHB Rand McNally
|
0-0: Ball 1-0: Ball 2-0: Ball 3-0: Called Strike 3-1: Called Strike 3-2: 2-RUN HOME RUN (Flyball, 7D), Distance : 379 ft
|
Batting: RHB Arturo Scantlebury
|
0-0: Foul Ball, location: 2F 0-1: SINGLE (Groundball, 6MD)
|
Batting: RHB Syed Sarkar
|
0-0: Called Strike 0-1: Foul Ball, location: 2F 0-2: Ball Wild Pitch! Arturo Scantlebury to second 1-2: Ball 2-2: Foul Ball, location: 2F 2-2: Ball 3-2: Ground out 4-3 (Groundball, 4)
|
Bottom of the 3rd over - 3 runs, 4 hits, 0 errors, 1 left on base; Richland 0 - Chesapeake 3 |
TOP OF THE 4TH |
Richland Rails batting - Pitching for Chesapeake Continentals : LHP Javier Romero
|
Batting: RHB Scott Ramsey
|
0-0: Called Strike 0-1: Reached on error, E6 (Groundball, 6)
|
Batting: SHB Jorge Colón
|
0-0: Ball 1-0: Ball 2-0: Ball 3-0: Called Strike 3-1: Foul Ball, location: 2F 3-2: Foul Ball, location: 2F 3-2: SINGLE (Flyball, 7LS) Scott Ramsey to second
|
Batting: RHB Tan Bal
|
0-0: Ball 1-0: SINGLE (Line Drive, 89S) Scott Ramsey to third Jorge Colón to second
|
Batting: RHB Leon Carlisle
|
0-0: Called Strike 0-1: Swinging Strike 0-2: Ball 1-2: Foul Ball, location: 2F 1-2: Strikes out swinging
|
Batting: LHB Alistair Mix
|
0-0: Ball 1-0: Ball 2-0: Called Strike 2-1: Ball 3-1: Swinging Strike 3-2: Foul Ball, location: 2F 3-2: Base on Balls Scott Ramsey scores Jorge Colón to third Tan Bal to second
|
Batting: RHB Fernando Granados
|
0-0: Called Strike 0-1: Ball 1-1: Ball Passed Ball! Jorge Colón scores Tan Bal to third Alistair Mix to second 2-1: DOUBLE (Groundball, 5L) Tan Bal scores Alistair Mix scores
|
Batting: RHB Christian Gentry
|
0-0: Ball 1-0: Called Strike 1-1: Fly out, F3 (Line Drive, 4)
|
Batting: LHB Orlando Casillas
|
0-0: Called Strike 0-1: Ball 1-1: Ball 2-1: Swinging Strike 2-2: Ball 3-2: Base on Balls
|
Batting: RHB Alexandre Keeping
|
0-0: SINGLE (Groundball, 56D) Fernando Granados to third Orlando Casillas to second Runner from 3rd tries for Home, SAFE, no throw
|
Batting: RHB Scott Ramsey
|
0-0: Foul Ball, location: 2F 0-1: Ball 1-1: Swinging Strike 1-2: Fly out, F4 (Flyball, 4MD)
|
Top of the 4th over - 5 runs, 4 hits, 1 error, 2 left on base; Richland 5 - Chesapeake 3 |
BOTTOM OF THE 4TH |
Chesapeake Continentals batting - Pitching for Richland Rails : RHP Paco Manuel
|
Batting: RHB Dani Durán
|
0-0: Ball 1-0: Ball 2-0: Called Strike 2-1: Foul Ball, location: 2F 2-2: Strikes out swinging
|
Batting: RHB Jesús Recesvinto
|
0-0: Foul Ball, location: 2F 0-1: Ball 1-1: Called Strike 1-2: Ball 2-2: Ball 3-2: Foul Ball, location: 2F 3-2: Foul Ball, location: 2F 3-2: Foul Ball, location: 2F 3-2: Strikes out looking
|
Batting: RHB Alfonso Morín
|
0-0: Ball 1-0: Called Strike 1-1: Called Strike 1-2: Foul Ball, location: 2F 1-2: SINGLE (Flyball, 7LM)
|
Batting: RHB Wes Griffith
|
0-0: Called Strike 0-1: Ball 1-1: Swinging Strike 1-2: Ball 2-2: Strikes out swinging
|
Bottom of the 4th over - 0 runs, 1 hit, 0 errors, 1 left on base; Richland 5 - Chesapeake 3 |
TOP OF THE 5TH |
Richland Rails batting - Pitching for Chesapeake Continentals : LHP Javier Romero
|
Batting: SHB Jorge Colón
|
0-0: Ball 1-0: Ground out 5-3 (Groundball, 56S)
|
Batting: RHB Tan Bal
|
0-0: Called Strike 0-1: Foul Ball, location: 2F 0-2: SINGLE (Groundball, 6M) (infield hit)
|
Batting: RHB Leon Carlisle
|
0-0: Called Strike 0-1: Swinging Strike 0-2: Ball 1-2: Ball 2-2: Ball 3-2: Foul Ball, location: 2F 3-2: Fly out, F9 (Flyball, 9S)
|
Batting: LHB Alistair Mix
|
0-0: Ball 1-0: Foul Ball, location: 2F 1-1: Ball 2-1: Called Strike 2-2: Strikes out swinging
|
Top of the 5th over - 0 runs, 1 hit, 0 errors, 1 left on base; Richland 5 - Chesapeake 3 |
BOTTOM OF THE 5TH |
Chesapeake Continentals batting - Pitching for Richland Rails : RHP Paco Manuel
|
Batting: RHB Marcos Alfaro
|
0-0: Foul Ball, location: 2F 0-1: Called Strike 0-2: Strikes out looking
|
Batting: SHB Holden Nolan
|
0-0: Called Strike 0-1: Ground out 4-3 (Groundball, 4)
|
Batting: RHB Rand McNally
|
0-0: Ball 1-0: Called Strike 1-1: Swinging Strike 1-2: Foul Ball, location: 2F 1-2: Strikes out looking
|
Bottom of the 5th over - 0 runs, 0 hits, 0 errors, 0 left on base; Richland 5 - Chesapeake 3 |
TOP OF THE 6TH |
Richland Rails batting - Pitching for Chesapeake Continentals : LHP Javier Romero
|
Pitching: RHP Jason Martin
|
|
Batting: RHB Fernando Granados
|
0-0: Foul Ball, location: 2F 0-1: Called Strike 0-2: Strikes out swinging
|
Batting: RHB Christian Gentry
|
0-0: Ball 1-0: SINGLE (Flyball, 8LS)
|
Batting: LHB Orlando Casillas
|
0-0: Ball 1-0: SINGLE (Line Drive, 4MD) Christian Gentry to second
|
Batting: RHB Alexandre Keeping
|
0-0: Ball 1-0: Called Strike 1-1: SINGLE (Line Drive, 78M) Christian Gentry to third Orlando Casillas to second
|
Batting: RHB Scott Ramsey
|
0-0: Ball 1-0: Ball 2-0: Ball 3-0: Base on Balls Christian Gentry scores Orlando Casillas to third Alexandre Keeping to second
|
Batting: SHB Jorge Colón
|
0-0: Foul Ball, location: 2F 0-1: Foul Ball, location: 2F 0-2: Strikes out swinging
|
Batting: RHB Tan Bal
|
0-0: Called Strike 0-1: Ball 1-1: Swinging Strike 1-2: Foul Ball, location: 2F 1-2: Foul Ball, location: 2F 1-2: Foul Ball, location: 2F 1-2: Foul Ball, location: 2F 1-2: Fielders Choice at 2nd, 5-4 (Groundball, 5)
|
Top of the 6th over - 1 run, 3 hits, 0 errors, 3 left on base; Richland 6 - Chesapeake 3 |
BOTTOM OF THE 6TH |
Chesapeake Continentals batting - Pitching for Richland Rails : RHP Paco Manuel
|
Batting: RHB Arturo Scantlebury
|
0-0: Foul Ball, location: 2F 0-1: Ball 1-1: Ball 2-1: Ball 3-1: Swinging Strike 3-2: Strikes out looking
|
Batting: RHB Syed Sarkar
|
0-0: Ball 1-0: SINGLE (Groundball, 6MD)
|
Batting: RHB Dani Durán
|
0-0: Ball 1-0: Ball 2-0: Foul Ball, location: 2F 2-1: Foul Ball, location: 2F 2-2: Strikes out swinging
|
Pitching: LHP Matt Crowley
|
|
Batting: RHB Jesús Recesvinto
|
0-0: Called Strike 0-1: Ground out 4-3 (Groundball, 4)
|
Bottom of the 6th over - 0 runs, 1 hit, 0 errors, 1 left on base; Richland 6 - Chesapeake 3 |
TOP OF THE 7TH |
Richland Rails batting - Pitching for Chesapeake Continentals : RHP Jason Martin
|
Batting: RHB Leon Carlisle
|
0-0: Called Strike 0-1: Ball 1-1: Ball 2-1: Called Strike 2-2: SINGLE (Line Drive, 56)
|
Batting: LHB Alistair Mix
|
0-0: Ball 1-0: Sac Bunt - play at first, batter OUT! 3-4 Leon Carlisle to second
|
Batting: RHB Fernando Granados
|
0-0: Called Strike 0-1: Ball 1-1: Ball 2-1: Swinging Strike 2-2: SINGLE (Line Drive, 4MD) Leon Carlisle to third
|
Batting: RHB Christian Gentry
|
0-0: Ball Fernando Granados is caught stealing 2nd base 1-0: Swinging Strike 1-1: Ball 2-1: Called Strike 2-2: Ball 3-2: Base on Balls
|
Batting: LHB Orlando Casillas
|
0-0: Called Strike 0-1: Ball 1-1: Ball 2-1: Ball 3-1: Base on Balls Christian Gentry to second
|
Batting: RHB Alexandre Keeping
|
0-0: Swinging Strike 0-1: SINGLE (Groundball, 56D) Leon Carlisle scores Christian Gentry to third Orlando Casillas to second Runner from 3rd tries for Home, SAFE, no throw
|
Batting: RHB Scott Ramsey
|
0-0: Fly out, F5 (Line Drive, 56)
|
Top of the 7th over - 2 runs, 3 hits, 0 errors, 2 left on base; Richland 8 - Chesapeake 3 |
BOTTOM OF THE 7TH |
Chesapeake Continentals batting - Pitching for Richland Rails : LHP Matt Crowley
|
Batting: RHB Alfonso Morín
|
0-0: Ball 1-0: Called Strike 1-1: Fly out, F8 (Flyball, 8LD)
|
Batting: RHB Wes Griffith
|
0-0: Ball 1-0: SINGLE (Line Drive, 6MD)
|
Batting: RHB Marcos Alfaro
|
0-0: Fly out, F7 (Flyball, 78M)
|
Batting: SHB Holden Nolan
|
0-0: Ball 1-0: Called Strike 1-1: SINGLE (Line Drive, 5D) Wes Griffith to second
|
Batting: RHB Rand McNally
|
0-0: Fielders Choice at 2nd, 6-4 (Groundball, 6)
|
Bottom of the 7th over - 0 runs, 2 hits, 0 errors, 2 left on base; Richland 8 - Chesapeake 3 |
TOP OF THE 8TH |
Richland Rails batting - Pitching for Chesapeake Continentals : RHP Jason Martin
|
Batting: SHB Jorge Colón
|
0-0: SINGLE (Line Drive, 56)
|
Batting: RHB Tan Bal
|
0-0: Ball 1-0: Swinging Strike 1-1: Foul Ball, location: 2F 1-2: SINGLE (Groundball, 6M) (infield hit) Jorge Colón to second
|
Batting: RHB Leon Carlisle
|
0-0: Bunt - Flyout - DP at third! 5-3
|
Batting: LHB Alistair Mix
|
0-0: Ball 1-0: Ball 2-0: Foul Ball, location: 2F 2-1: Foul Ball, location: 2F 2-2: Foul Ball, location: 2F 2-2: Ball 3-2: SINGLE (Line Drive, 7LS) Jorge Colón to third Jorge Colón scores
|
Batting: RHB Fernando Granados
|
0-0: TRIPLE (Flyball, 8LXD) Alistair Mix scores
|
Batting: RHB Christian Gentry
|
0-0: Ball 1-0: Called Strike 1-1: Foul Ball, location: 2F 1-2: Ball 2-2: Ground out 6-3 (Groundball, 6M)
|
Top of the 8th over - 2 runs, 4 hits, 0 errors, 1 left on base; Richland 10 - Chesapeake 3 |
BOTTOM OF THE 8TH |
Chesapeake Continentals batting - Pitching for Richland Rails : LHP Matt Crowley
|
Now in CF: Wilford Funkhouser
|
|
Now in RF: Miguel Luna
|
|
Batting: RHB Arturo Scantlebury
|
0-0: Called Strike 0-1: Ball 1-1: Foul Ball, location: 2F 1-2: Strikes out looking
|
Batting: RHB Syed Sarkar
|
0-0: Called Strike 0-1: Ball 1-1: Ground out 5-3 (Groundball, 25)
|
Batting: RHB Dani Durán
|
0-0: Ball 1-0: Fly out, F5 (Line Drive, 56)
|
Bottom of the 8th over - 0 runs, 0 hits, 0 errors, 0 left on base; Richland 10 - Chesapeake 3 |
TOP OF THE 9TH |
Richland Rails batting - Pitching for Chesapeake Continentals : RHP Jason Martin
|
Batting: LHB Orlando Casillas
|
0-0: Ball 1-0: Ball 2-0: Called Strike 2-1: Ground out 6-3 (Groundball, 6)
|
Pitching: RHP Ed Cartmell
|
|
Batting: RHB Alexandre Keeping
|
0-0: Ball 1-0: Fly out, F8 (Flyball, 8LD)
|
Batting: RHB Scott Ramsey
|
0-0: Ball 1-0: Foul Ball, location: 2F 1-1: Called Strike 1-2: Foul Ball, location: 2F 1-2: Fly out, F7 (Line Drive, 7LM)
|
Top of the 9th over - 0 runs, 0 hits, 0 errors, 0 left on base; Richland 10 - Chesapeake 3 |
BOTTOM OF THE 9TH |
Chesapeake Continentals batting - Pitching for Richland Rails : LHP Matt Crowley
|
Now at C: Jonah Cooney
|
|
Now at 2B: Armando Peńa
|
|
Batting: RHB Jesús Recesvinto
|
0-0: Foul Ball, location: 2F 0-1: Ball 1-1: DOUBLE (Groundball, 5L)
|
Batting: RHB Alfonso Morín
|
0-0: Ball 1-0: Ball 2-0: Fly out, F8 (Flyball, 8LD)
|
Batting: RHB Wes Griffith
|
0-0: Ball 1-0: SINGLE (Flyball, 89S) Jesús Recesvinto to third
|
Batting: RHB Marcos Alfaro
|
0-0: Ball 1-0: SINGLE (Groundball, 6MD) Jesús Recesvinto scores Wes Griffith to second
|
Batting: SHB Holden Nolan
|
0-0: Called Strike 0-1: Foul Ball, location: 2F 0-2: Ball 1-2: Ball 2-2: SINGLE (Line Drive, 4MD) Wes Griffith to third Marcos Alfaro to second
|
Batting: RHB Rand McNally
|
0-0: Ball 1-0: Ball 2-0: Called Strike 2-1: Called Strike 2-2: Fly out, F4 (Popup, 34)
|
Batting: RHB Arturo Scantlebury
|
0-0: Called Strike 0-1: Ball 1-1: Ground out 1-3 (Groundball, 15S)
|
Bottom of the 9th over - 1 run, 4 hits, 0 errors, 3 left on base; Richland 10 - Chesapeake 4 |
|